 Dungeon Crawl Stone Soup version 0.24-a0-203-gf0bc1e94ae (webtiles) character file.

Game seed: 7417037525201096022

204488 Orphidia the Bludgeoner (level 17, -3/146 HPs)
             Began as a Demigod Necromancer on Mar 27, 2019.
             Slain by Aizul (9 damage)
             ... on level 1 of the Vaults.
             The game lasted 02:23:49 (56563 turns).

Orphidia the Bludgeoner (Demigod Necromancer)      Turns: 56563, Time: 02:23:50

Health: -3/146     AC: 22    Str: 17    XL:     17   Next: 39%
Magic:  30/30      EV: 24    Int: 23    God:
Gold:   2799       SH:  0    Dex: 22    Spells: 16/28 levels left

rFire    . . .     SeeInvis .   j - +6 great mace (freeze)
rCold    + . .     Gourm    +   (shield currently unavailable)
rNeg     . . .     Faith    .   o - +3 ring mail of the Slorg {rC+ Str+2 Slay+3}
rPois    .         Spirit   .   J - +0 helmet
rElec    .         Reflect  .   b - +2 cloak {MR+}
rCorr    .         Harm     .   U - +2 pair of gloves
MR       ++...                  z - +2 pair of boots {Stlth+}
Stlth    +.........             S - amulet of the gourmand
HPRegen  0.34/turn              L - +3 ring of evasion
MPRegen  0.22/turn              P - +4 ring of dexterity

@: lethally poisoned (-3 -> -63), very slow
A: high mp 1
}: 1/15 runes: serpentine
a: no special abilities


You were on level 1 of the Vaults.
You were completely stuffed.

You visited 8 branches of the dungeon, and saw 34 of its levels.
You also visited: Ice Cave.

You collected 4100 gold pieces.
You spent 1301 gold pieces at shops.


Innate Abilities, Weirdness & Mutations

You have an increased reservoir of magic. (+10% MP)


   Skills:
 - Level 12.0 Fighting
 + Level 17.0 Maces & Flails
 - Level 12.0 Armour
 - Level 12.0 Dodging
 - Level 1.7 Stealth
 - Level 6.2 Spellcasting
 - Level 12.0 Necromancy
 - Level 6.1 Evocations


You had 16 spell levels left.
You knew the following spells:

 Your Spells              Type           Power        Failure   Level  Hunger
r - Regeneration          Chrm/Necr      ####......   3%          3    #......
A - Pain                  Necr           ####         1%          1    None
B - Animate Skeleton      Necr           N/A          1%          1    None
C - Vampiric Draining     Necr           ######....   1%          3    #......
D - Animate Dead          Necr           N/A          1%          4    ###....

Your spell library contained the following spells:

 Spells                   Type           Power        Failure   Level  Hunger
 Sandblast                Erth           #.....       13%         1    None
 Passwall                 Tmut/Erth      #.......     21%         2    None
 Static Discharge         Conj/Air       #.......     36%         3    #......
 Stone Arrow              Conj/Erth      #.....       36%         3    #......
 Petrify                  Tmut/Erth      #.......     78%         4    ###....
 Lee's Rapid Deconstruct  Erth           #.........   98%         5    #####..
 Lightning Bolt           Conj/Air       #.........   98%         5    #####..
 Ignition                 Fire           #.........   100%        8    #######
 Shatter                  Erth           #.........   100%        9    #######
 Tornado                  Air            #.........   100%        9    #######

Action                   |  1- 3 |  4- 6 |  7- 9 | 10-12 | 13-15 | 16-18 || total
-------------------------+-------+-------+-------+-------+-------+-------++-------
Melee: Mace              |    15 |    60 |    47 |       |       |       ||   122
       Whip              |       |       |   443 |   850 |  1766 |    23 ||  3082
       Dire flail        |       |       |    47 |    49 |     5 |       ||   101
       Great mace        |       |       |       |       |    75 |   822 ||   897
       Morningstar       |       |       |       |       |   239 |       ||   239
Throw: Tomahawk          |       |     1 |    13 |    10 |     5 |       ||    29
       Javelin           |       |       |       |       |     1 |    35 ||    36
 Cast: Pain              |    82 |    83 |    50 |    88 |    20 |       ||   323
       Vampiric Draining |       |     4 |     6 |    78 |   113 |     7 ||   208
       Animate Skeleton  |       |       |     1 |       |       |       ||     1
       Animate Dead      |       |       |       |    27 |    50 |     8 ||    85
 Abil: Evoke Flight      |       |       |       |       |     3 |       ||     3
       Evoke Invisibilit |       |       |       |       |     1 |       ||     1
Evoke: Wand              |       |     1 |     3 |    15 |    38 |    15 ||    72
       Box of beasts     |       |       |       |       |     2 |       ||     2
       Lamp of fire      |       |       |       |       |       |     2 ||     2
       Phial of floods   |       |       |       |       |       |     2 ||     2
  Use: Scroll            |     4 |     6 |    11 |     8 |    21 |    12 ||    62
       Potion            |     2 |       |       |     1 |     5 |     5 ||    13
 Stab: Distracted        |       |       |     1 |       |     8 |     7 ||    16
       Paralysed         |       |       |    12 |    11 |    11 |     5 ||    39
       Sleeping          |       |       |     1 |     1 |     9 |     6 ||    17
       Invisible         |       |       |       |       |     8 |       ||     8
  Eat: Chunk             |     6 |     6 |    11 |    18 |    89 |    30 ||   160
       Ration            |       |     1 |     6 |     6 |     1 |     4 ||    18
Armor: Robe              |     9 |     4 |       |       |       |       ||    13
       Ring mail         |       |    19 |   268 |   275 |   493 |   188 ||  1243
       Plate armour      |       |       |       |       |    11 |       ||    11
Dodge: Dodged            |    18 |    49 |   403 |   486 |  1430 |   651 ||  3037

Inventory:

Hand Weapons
 a - a +1 whip of pain
 j - a +6 great mace of freezing (weapon)
Missiles
 i - 6 javelins (quivered)
Armour
 b - a +2 cloak of magic resistance (worn)
 o - the +3 ring mail of the Slorg (worn) {rC+ Str+2 Slay+3}
   (You found it on level 4 of the Dungeon)

   It affects your strength (+2).
   It affects your accuracy and damage with ranged weapons and melee attacks
   (+3).
   It protects you from cold.
 z - a +2 pair of boots of stealth (worn)
 J - a +0 helmet (worn)
 U - a +2 pair of gloves (worn)
 Z - a +2 cloak of invisibility
Jewellery
 A - an uncursed amulet of regeneration
 K - an uncursed ring of resist corrosion
 L - a +3 ring of evasion (left hand)
 P - a +4 ring of dexterity (right hand)
 Q - an uncursed ring of flight
 R - an uncursed ring of wizardry
 S - an amulet of the gourmand (around neck)
 W - an uncursed ring of see invisible
Wands
 f - a wand of iceblast (3)
 k - a wand of acid (6)
 u - a wand of paralysis (30)
 w - a wand of polymorph (20)
 G - a wand of flame (48)
 O - a wand of digging (10)
 T - a wand of enslavement (3)
Scrolls
 e - a scroll of magic mapping
 h - 16 scrolls of identify
 r - 4 scrolls of enchant armour
 C - 5 scrolls of teleportation
 D - 2 scrolls of fog
 I - 7 scrolls of remove curse
 N - a scroll of blinking
 X - 2 scrolls of silence
Potions
 d - 6 potions of flight
 l - a potion of haste
 m - 7 potions of curing
 n - 2 potions of agility
 p - 4 potions of brilliance
 q - 2 potions of mutation
 s - 5 potions of magic
 t - 3 potions of heal wounds
 v - 2 potions of berserk rage
 y - a potion of invisibility
 F - a potion of cancellation
 H - a potion of resistance
 Y - a potion of might
Miscellaneous
 x - a fan of gales
 M - a phial of floods (inert)
 V - a lamp of fire (inert)
Comestibles
 c - 27 rations
 g - 6 chunks of flesh {@w1}

#..+..# #.(#
.####..#'##)e#
#............p.#
#..............#
#..#+##..####..#
#..# #.p#..#..#
#..# #..'..#..#
#..####≈.####..#
#..Z@Sp≈.......#
#..≈E≈p(.......#
####'#######''####
#..Z....#
#.Z.....#
#.......#
#.......#
#.......# #.
#...Z...# #.


You could see Aizul, a vault warden, a vault sentinel, a friendly water
elemental, a friendly deep elf sorcerer zombie, a friendly ironbrand convoker
zombie and a friendly yaktaur captain skeleton.

Vanquished Creatures
  Nikola (Snake:4)
  Jorgrun (D:12)
  Donald (Shoals:2)
  6 nagarajas (Snake:4)
  2 deep elf sorcerers (Vaults:1)
  An ironheart preserver (Vaults:1)
  Josephine (Lair:6)
  A fire dragon (Vaults:1)
  A merfolk impaler (Shoals:1)
  An ogre mage (Vaults:1)
  3 yaktaur captains
  A deep elf high priest (Elf:1)
  Erolcha (Orc:1)
  Harold (D:6)
  2 vault guards
  8 naga warriors
  A rakshasa (Vaults:1)
  3 ice dragons
  4 anacondas
  5 hydras
  2 merfolk avatars (Shoals:1)
  3 centaur warriors
  2 death knights
  17 death yaks
  6 two-headed ogres
  4 dancing weapons
  17 naga sharpshooters
  3 orc high priests (Orc:2)
  4 shock serpents (Snake:3)
  3 deep elf knights
  Nergalle (Orc:1)
  4 sea snakes
  2 wizards
  A skeletal warrior (D:15)
  An unseen horror (D:13)
  2 naga ritualists
  4 ironbrand convokers (Vaults:1)
  7 harpies
  4 deep elf archers
  13 orc knights
  A mana viper (Snake:3)
  6 orc sorcerers
  6 salamanders
  2 wolf spider zombies (D:15)
  2 wolf spiders
  8 ugly things
  2 fauns
  26 deep elf magi
  2 cyclopes (D:12)
  3 manticores
  2 merfolk sirens
  3 guardian serpents (Snake:4)
  2 water nymphs (Shoals:1)
  22 black mambas
  20 spiny frogs
  14 naga magi
  3 gargoyles
  3 centaur skeletons
  2 rime drakes (IceCv)
  11 yaktaurs
  2 ice devils (Lair:4)
  6 freezing wraiths
  9 komodo dragons
  6 meliai
  2 jumping spiders (shapeshifter)
  6 merfolk
  12 trolls
  A raiju (Lair:5)
  5 slime creatures
  21 blink frogs
  3 snapping turtles
  2 tyrant leeches (Lair:6)
  11 hippogriffs
  An air elemental (Elf:1)
  A shadow (D:13)
  7 wraiths
  A vampire (D:13)
  A wyvern (Lair:6)
  4 water elementals
  49 yaks
  3 basilisks
  A steam dragon (Lair:4)
  4 hungry ghosts
  6 vampire mosquitoes
  4 wargs
  9 water moccasins
  60 nagas
  3 porcupines
  A floating eye (shapeshifter) (Vaults:1)
  6 sky beasts
  An eye of draining (D:11)
  15 ice beasts
  42 orc warriors
  A black bear (D:12)
  A necrophage (D:11)
  A phantom (D:13)
  4 boggarts (Vaults:1)
  11 centaurs
  20 ogres
  9 wolves
  9 crocodiles
  3 big kobolds
  27 bullfrogs
  A deep troll simulacrum (Vaults:1)
  2 wyvern skeletons
  A scorpion (D:11)
  21 wights
  An electric eel (Lair:3)
  7 crimson imps
  3 centaur zombies
  9 jellies
  3 bullfrog zombies
  3 hounds
  16 orc priests
  Jessica (D:6)
  4 bullfrog skeletons
  2 iguanas
  23 orc wizards
  8 worker ants
  A worker ant zombie (D:11)
  8 adders
  2 shadow imps
  An adder zombie (D:6)
  2 adder skeletons
  5 worms
  A dart slug (D:1)
  4 leopard geckos
  98 orcs
  3 giant cockroaches
  2 hobgoblins
  9 jackals
  3 quokkas
  6 bats
  5 frilled lizards
  9 goblins
  21 kobolds
  A leopard gecko zombie (D:6)
  15 rats
977 creatures vanquished.

Vanquished Creatures (collateral kills)
  An ironheart preserver (Vaults:1)
  2 hydras (Lair:6)
  A catoblepas (Lair:6)
  2 death yaks
  2 harpies (Shoals:2)
  A deep elf archer (Vaults:1)
  A deep elf mage (D:15)
  An orc sorcerer (Orc:2)
  A cyclops (D:11)
  6 spiny frogs
  A yaktaur (Vaults:1)
  A harpy zombie (D:15)
  A merfolk (Shoals:2)
  2 tyrant leeches (Lair:6)
  A hippogriff (Lair:4)
  6 blink frogs
  A vampire (D:14)
  5 yaks
  A hungry ghost (D:10)
  3 vampire mosquitoes
  A warg (Orc:1)
  2 water moccasins (Lair:6)
  An ice beast (D:10)
  3 orc warriors
  A phantom (D:14)
  A crocodile (Lair:3)
  3 bullfrogs
  A wight (D:12)
  An electric eel (Lair:6)
  An orc wizard (Orc:1)
  6 orcs
  A kobold (D:12)
  2 fungi (Lair:6)
  6 plants (Lair:6)
70 creatures vanquished.

Vanquished Creatures (others)
  A deep elf annihilator (Elf:1)
  An orc wizard (Orc:2)
  An orc (D:6)
  2 bushes (Lair:6)
  16 fungi
  65 plants
86 creatures vanquished.

Grand Total: 1133 creatures vanquished

Levels and vault maps discovered:
D:1:      minmay_arrival_diagonal_passages, layout_basic
D:2:      layout_loops_corners, minmay_pentomino_v4
D:3:      layout_rooms, minmay_misc_feat_more_columns, nemelex_altar_shiori
D:4:      layout_basic, serial_shops, shop, first_ration
D:5:      layout_loops_ring, serial_shops, shop
D:6:      layout_basic, minmay_temple_entry_junction,
          nemelex_lonely_heart_becter
D:7:      layout_gridville, old_standard_altar, okawaru_ov_weapons_minmay,
          uniq_harold
D:8:      layout_cave_pods
D:9:      layout_roguey, david_lair_shrubbed, hangedman_fish_farm,
          serial_bayou_pond_a, nicolae_qazlal_eye_of_the_storm
D:10:     minmay_angry_zag, layout_small_grid
D:11:     layout_roguey [special_room_orc], serial_shops, kennysheep_mini
D:12:     layout_stronghold, orc_0_dummy
D:13:     layout_gridville, grunt_ministairs_2, uniq_jorgrun
D:14:     layout_rooms, david_vaults_5, serial_shops, kennysheep_mini_moat,
          kennysheep_little_box, shop, minmay_misc_feat_nine_boxes, basic_altar
D:15:     grunt_enter_depths_snipers, layout_loops_ring, lemuel_blue_sif_altar,
          basic_altar, nicolae_benzene_ring
Lair:1:   layout_gridlike, grunt_megastairs_1
Lair:2:   layout_regular_city
Lair:3:   layout_roguey, elwin_shoals_entry_rocks, beast_lair_carwin_11,
          infiniplex_staircase_pool, uniq_snorg
Lair:4:   layout_roguey, guppyfry_snake_entry_island, basic_altar,
          portal_ice_cave_demonic_guard, serial_bayou_shore_a
Lair:5:   layout_roguey, minmay_slime_entry_pillars, gammafunk_ghost_hydra_chop
Lair:6:   minmay_lair_end_frog_pond, layout_regular_city, uniq_josephine,
          uniq_sonja
Shoals:1: layout_shoals
Shoals:2: layout_shoals, uniq_donald
Snake:1:  layout_gridlike
Snake:2:  layout_chambers
Snake:3:  layout_honeycomb, minmay_shop_grid_forest
Snake:4:  minmay_snake_end_coiled, layout_basic, serial_shops, shop, uniq_nikola
Orc:1:    layout_caves, uniq_erolcha, uniq_nergalle
Orc:2:    st_orc_elflike, layout_diamond_mine, minmay_shop_mass
Elf:1:    layout_geoelf_diagonals, hangedman_elf_represent, minmay_shoptagon,
          uniq_agnes
Elf:2:    layout_geoelf_octagon, minivault_14, kilobyte_mutagenic_chamber
Elf:3:    minmay_elf_hall, layout_geoelf_grid, basic_altar
Vaults:1: special_room_vaults [special_room_orc], nicolae_vaults_ninety_degrees,
          vaults_room_stairs_pillars, nicolae_vaults_little_squares_6,
          nicolae_vaults_rhombus_6, hangedman_vaults_stream,
          grunt_vaults_funnel, vaults_dpeg_hooks, v_misc_33, v_misc_5,
          nicolae_vaults_shelves_hall, ontoclasm_vaults_tryst,
          vaults_room_stairs_pillars, layout_vaults_maze, serial_shops, shop,
          uniq_aizul
Depths:1: layout_gridlike, rand_demon_pan_entry_8, serial_glass,
          glass_columns_a, glass_columns_a, glass_columns_a,
          grunt_mini_vestibule, minmay_checkered_concentric_circles
IceCv:    ice_cave_small_dragons


Message History

You feel sick.
Aizul coils herself and waves her upper body at you.
The bolt of poison hits you!
You are more poisoned.
The vault warden hits you from afar with a +0 glaive!
* * * LOW HITPOINT WARNING * * *
Your water elemental hits Aizul.
You thump Aizul! You freeze Aizul.
Aizul is heavily wounded.
* * * LOW HITPOINT WARNING * * *
You feel very sick.
Aizul says, "Replaced!
How does it feel to be replaced?"
Aizul coils herself and waves her upper body at you.
The bolt of poison hits you!
You are more poisoned.
* * * LOW HITPOINT WARNING * * *
The vault warden hits you from afar with a +0 glaive!
* * * LOW HITPOINT WARNING * * *
Aizul hits you!
You die...

Notes
Turn   | Place    | Note
-------+----------+-------------------------------------------
     0 | D:1      | Orphidia the Demigod Necromancer began the quest for the
                  | Orb.
     0 | D:1      | Reached XP level 1. HP: 14/14 MP: 5/5
   444 | D:1      | Learned a level 1 spell: Animate Skeleton
   778 | D:1      | Reached XP level 2. HP: 17/20 MP: 4/7
  1526 | D:2      | Reached XP level 3. HP: 20/26 MP: 1/8
  2560 | D:3      | Learned a level 3 spell: Vampiric Draining
  2588 | D:3      | Reached XP level 4. HP: 25/33 MP: 1/9
  3202 | D:3      | Found a sparkling altar of Nemelex Xobeh.
  3568 | D:4      | Got a twisted ring mail
  3579 | D:4      | Identified the +3 ring mail of the Slorg {rC+ Str+2 Slay+3}
                  | (You found it on level 4 of the Dungeon)
  3603 | D:4      | Reached skill level 5 in Necromancy
  3603 | D:4      | Reached XP level 5. HP: 35/38 MP: 6/10
  3703 | D:4      | Found Zisuje's Food Shoppe.
  3849 | D:4      | Noticed an ogre
  3851 | D:4      | Killed an ogre
  3851 | D:4      | Reached skill level 1 in Armour
  4031 | D:4      | Reached XP level 6. HP: 41/45 MP: 5/11
  4353 | D:5      | Entered Level 5 of the Dungeon
  4399 | D:5      | Found Osuamoth's Gadget Shop.
  4404 | D:5      | Bought a wand of paralysis (7) for 108 gold pieces
  4440 | D:5      | Reached skill level 1 in Evocations
  4610 | D:5      | Reached XP level 7. HP: 48/50 MP: 8/12
  5101 | D:5      | Learned a level 4 spell: Animate Dead
  5208 | D:6      | Found a staircase to the Ecumenical Temple.
  5875 | D:6      | Found a sparkling altar of Nemelex Xobeh.
  5875 | D:6      | Noticed Jessica
  5886 | D:6      | Killed Jessica
  5886 | D:6      | Reached skill level 5 in Evocations
  5976 | D:6      | Reached XP level 8. HP: 54/57 MP: 12/15
  7392 | D:7      | Found an iron altar of Okawaru.
  7410 | D:6      | Reached skill level 5 in Dodging
  7741 | D:7      | Found a sparkling altar of Nemelex Xobeh.
  7859 | D:7      | Noticed Harold
  8082 | D:6      | Killed Harold
  8082 | D:6      | Reached XP level 9. HP: 34/62 MP: 3/20
  8217 | D:7      | Reached skill level 5 in Spellcasting
  9296 | D:9      | Reached skill level 1 in Fighting
  9757 | D:9      | Found a staircase to the Lair.
  9786 | D:9      | Found a stormy altar of Qazlal.
  9925 | D:10     | Entered Level 10 of the Dungeon
 10147 | D:10     | Reached XP level 10. HP: 75/78 MP: 21/23
 10759 | D:11     | Noticed a white ugly thing
 10777 | D:11     | Reached skill level 5 in Fighting
 10785 | D:11     | Killed a white ugly thing
 11580 | D:11     | Found Medyesu's Food Shop.
 11614 | D:11     | Noticed a cyclops
 11634 | D:11     | Killed a cyclops
 11974 | Lair:1   | Entered Level 1 of the Lair of Beasts
 12070 | Lair:1   | Reached skill level 1 in Maces & Flails
 12142 | Lair:1   | Reached skill level 2 in Maces & Flails
 12163 | Lair:1   | Noticed a black mamba
 12171 | Lair:1   | Killed a black mamba
 12171 | Lair:1   | Reached skill level 3 in Maces & Flails
 12338 | Lair:1   | Reached XP level 11. HP: 89/89 MP: 24/24
 12354 | Lair:1   | Reached skill level 4 in Maces & Flails
 12656 | Lair:1   | Reached skill level 5 in Maces & Flails
 13343 | Lair:2   | Reached skill level 6 in Maces & Flails
 13863 | Lair:2   | Reached skill level 7 in Maces & Flails
 14494 | Lair:3   | Reached skill level 8 in Maces & Flails
 15088 | Lair:3   | Found a staircase to the Shoals.
 15099 | Lair:3   | Noticed Snorg
 15585 | Lair:4   | Found a bloodstained altar of Trog.
 15604 | Lair:4   | Found a frozen archway.
 15609 | Lair:4   | Reached skill level 9 in Maces & Flails
 15621 | IceCv    | Entered an ice cave
 16017 | IceCv    | Noticed an ice dragon
 16020 | IceCv    | Noticed an ice dragon
 16031 | IceCv    | Killed an ice dragon
 16031 | IceCv    | Reached skill level 10 in Maces & Flails
 16048 | IceCv    | Killed an ice dragon
 16048 | IceCv    | Reached XP level 12. HP: 52/96 MP: 0/25
 17031 | Lair:4   | Reached skill level 11 in Maces & Flails
 17345 | Lair:4   | Found a staircase to the Snake Pit.
 17759 | Lair:5   | Found a runed translucent gate.
 17759 | Lair:5   | Found a runed translucent gate.
 17760 | Lair:5   | Found a runed translucent gate.
 17761 | Lair:5   | Noticed a ten-headed hydra
 17761 | Lair:5   | Noticed a 14-headed hydra
 17762 | Lair:5   | Noticed Houdghis's ghost (journeyman OpNe)
 17819 | Lair:5   | Found a staircase to the Slime Pits.
 17988 | Lair:5   | Reached skill level 12 in Maces & Flails
 18089 | Lair:5   | Noticed a six-headed hydra
 18319 | Lair:5   | Killed a six-headed hydra
 18619 | Lair:6   | Entered Level 6 of the Lair of Beasts
 18619 | Lair:6   | Noticed an eight-headed hydra
 18671 | Lair:6   | Noticed Sonja
 18673 | Lair:6   | Noticed Sonja
 18673 | Lair:6   | Sonja changed into Sonja the human
 18682 | Lair:6   | Noticed Sonja
 18682 | Lair:6   | Sonja the human changed into Sonja the raiju
 18688 | Lair:5   | Reached skill level 10 in Necromancy
 19067 | Lair:5   | Killed Sonja the raiju
 19382 | Lair:6   | Noticed a seven-headed hydra
 20021 | Lair:5   | Killed a seven-headed hydra
 20021 | Lair:5   | Reached XP level 13. HP: 61/102 MP: 16/26
 21376 | Lair:6   | Identified a scroll of acquirement
 21784 | Lair:6   | Learned a level 3 spell: Regeneration
 21924 | Lair:6   | Noticed Josephine
 22457 | Lair:5   | Reached skill level 10 in Dodging
 24046 | Lair:6   | Killed Josephine
 25068 | D:12     | Reached XP level 14. HP: 109/110 MP: 27/27
 25137 | D:12     | Found a staircase to the Orcish Mines.
 26055 | D:13     | Noticed Jorgrun
 26082 | D:12     | Killed Jorgrun
 26082 | D:12     | Reached skill level 5 in Armour
 27558 | D:14     | Found a blossoming altar of Fedhas.
 27933 | D:13     | Paralysed by something for 6 turns
 28989 | Orc:1    | Entered Level 1 of the Orcish Mines
 29094 | Orc:1    | Noticed Erolcha
 29111 | Orc:1    | Killed Erolcha
 29204 | Orc:2    | Entered Level 2 of the Orcish Mines
 29218 | Orc:2    | Found Delixac's Mass Market.
 29252 | Orc:1    | Noticed Nergalle
 30217 | Orc:2    | Found a staircase to the Elven Halls.
 30897 | Orc:2    | Reached skill level 10 in Armour
 31100 | Orc:2    | Found Luhicig's Antique Armour Shop.
 31104 | Orc:2    | Found Ycwoir's Distillery.
 31108 | Orc:2    | Bought a pair of runed boots for 217 gold pieces
 31121 | Orc:2    | Bought a potion of agility for 44 gold pieces
 31121 | Orc:2    | Bought a potion of heal wounds for 55 gold pieces
 31121 | Orc:2    | Bought a potion of heal wounds for 55 gold pieces
 31121 | Orc:2    | Found Sopetsic's Book Emporium.
 31123 | Orc:2    | Found Piptogg's Book Shop.
 31282 | Orc:1    | Killed Nergalle
 31806 | D:14     | Found Edghag's Antique Weapon Emporium.
 31921 | D:14     | Found Etties's Armour Emporium.
 32202 | D:14     | Found Tibiukyps's General Store.
 32207 | D:14     | Bought a potion of heal wounds for 80 gold pieces
 32526 | D:14     | Found a gate to the Vaults.
 32661 | D:15     | Entered Level 15 of the Dungeon
 32804 | D:15     | Reached XP level 15. HP: 96/115 MP: 28/28
 33483 | D:15     | Found a staircase to the Depths.
 33762 | D:15     | Found a deep blue altar of Sif Muna.
 34538 | D:15     | Found a basalt altar of Yredelemnul.
 34701 | Depths:1 | Entered Level 1 of the Depths
 34943 | Shoals:1 | Entered Level 1 of the Shoals
 36481 | Shoals:2 | Noticed Donald
 37348 | Shoals:2 | Killed Donald
 38143 | Lair:3   | ok. i will die in shoals, i will die in snakes, i will die
                  | in depths, i will die in elf
 38143 | Lair:3   | dying in elf seems the least disgusting of these
 38405 | Elf:1    | Entered Level 1 of the Elven Halls
 38624 | Elf:1    | Found Tuacaira's Antique Armour Emporium.
 38624 | Elf:1    | Found Goevisea's Book Shoppe.
 38701 | Elf:1    | Bought a runed cloak for 262 gold pieces
 39196 | Elf:1    | Reached skill level 10 in Fighting
 40399 | Elf:1    | Noticed Agnes
 40702 | Elf:3    | Entered Level 3 of the Elven Halls
 40702 | Elf:3    | Found an ancient bone altar of Kikubaaqudgha.
 40928 | Elf:3    | Noticed a deep elf blademaster
 41828 | Elf:2    | Found a huge runed translucent gate.
 41828 | Elf:2    | Found a huge runed translucent gate.
 41828 | Elf:2    | Found a huge runed translucent gate.
 41828 | Elf:2    | Found a huge runed translucent gate.
 41831 | Elf:2    | Found a huge runed translucent gate.
 42680 | D:5      | Bought a lamp of fire for 480 gold pieces
 42952 | Snake:1  | Entered Level 1 of the Snake Pit
 43056 | Snake:1  | Reached XP level 16. HP: 138/139 MP: 29/29
 43545 | Snake:1  | You fall through a shaft!
 45668 | Snake:2  | Reached skill level 13 in Maces & Flails
 46772 | Snake:3  | Found Womedo Inih's Food Shoppe.
 48065 | Snake:4  | Entered Level 4 of the Snake Pit
 48704 | Snake:4  | Reached skill level 14 in Maces & Flails
 49030 | Snake:4  | Found Tobir's Weapon Boutique.
 50978 | Snake:4  | Noticed Nikola
 50996 | Snake:4  | Killed Nikola
 51541 | Snake:4  | Reached skill level 15 in Maces & Flails
 53211 | Snake:4  | Got a serpentine rune of Zot
 54070 | Vaults:1 | Entered Level 1 of the Vaults
 54070 | Vaults:1 | Found Mef Zoosoiq's Antique Weapon Shop.
 54073 | Vaults:1 | Reached XP level 17. HP: 146/146 MP: 30/30
 54190 | Vaults:1 | Reached skill level 16 in Maces & Flails
 54980 | Vaults:1 | Identified the +2 plate armour of Hairiness {rElec}
 55470 | Vaults:1 | Found a roughly hewn altar of Beogh.
 56066 | Vaults:1 | Noticed Aizul
 56344 | Vaults:1 | Reached skill level 17 in Maces & Flails
 56563 | Vaults:1 | HP: 6/146 [vault warden/+0 glaive (11)]
 56563 | Vaults:1 | Slain by Aizul
